Map: Automaton LE

Players

Odin - Winner!

  • Race: Protoss Protoss
  • League: Gold
  • Spawn Location: 9:00

keyser

  • Race: Terran Terran
  • League: Gold
  • Spawn Location: 3:00

VOD

Have the link to the VOD?

Description

Time

  • Played on: Dec. 15, 2018, 12:31 a.m.
  • Length: 5:58
Show
View Real Time Build Order
Export as new Build Order

Odin Protoss - Winner!

Build Orders:  

Get SALT Encoding   

  12  0:02  Probe  
  13  0:14  Pylon  
  13  0:18  Probe  
  14  0:34  Gateway  
  14  0:40  Assimilator  
  14  0:43  Probe  
  15  0:55  Probe  
  16  1:02  Assimilator  
  16  1:06  Assimilator  
  16  1:13  Probe  
  17  1:25  Pylon  
  17  1:26  Cybernetics Core  
  17  1:36  Probe  
  17  1:37  Assimilator  
  18  1:48  Probe  
  19  1:55  Gateway  
  19  2:11  Warp Gate  
  19  2:12  Robotics Facility  
  19  2:14  Probe  
  20  2:28  Stalker  
  22  2:37  Probe  
  23  2:49  Probe  
  23  2:50  Shield Battery  
  24  2:55  Pylon  
  24  3:17  Immortal  
  24  3:18  Probe  
  29  3:28  Stalker  
  29  3:32  Sentry  
  25  3:53  Probe  
  25  3:57  Observer  
  20  4:14  Probe  
  21  4:21  Shield Battery  
  21  4:23  Shield Battery  
  21  4:26  Probe  
  22  4:35  Stalker  
  22  4:38  Sentry  
  26  4:53  Probe  
  26  4:56  Sentry  
  29  5:05  Probe  
  30  5:21  Gateway  
  30  5:23  Probe  
  31  5:32  Stalker  
  33  5:36  Probe  
Show
View Real Time Build Order
Export as new Build Order

keyser Terran 

Build Orders:  

Get SALT Encoding   

  12  0:00  SCV  
  13  0:13  SCV  
  14  0:21  Supply Depot  
  14  0:26  SCV  
  15  0:43  SCV  
  15  0:44  Barracks  
  16  1:04  SCV  
  16  1:10  Barracks  
  17  1:16  SCV  
  18  1:28  SCV  
  19  1:34  Barracks  
  19  1:36  Marine  
  19  1:39  Supply Depot  
  20  1:53  Marine  
  20  1:54  Orbital Command  
  21  1:58  Marine  
  22  2:09  Barracks  
  22  2:11  Marine  
  23  2:19  Marine  
  23  2:21  Marine  
  25  2:29  Marine  
  26  2:37  Marine  
  26  2:38  Marine  
  28  2:47  Marine  
  29  2:55  Marine  
  29  2:56  Marine  
  31  2:59  Supply Depot  
  31  3:06  Marine  
  31  3:10  Marine  
  33  3:13  Marine  
  33  3:14  Marine  
  35  3:21  Supply Depot  
  35  3:24  Marine  
  36  3:28  Marine  
  36  3:31  Marine  
  38  3:44  Marine  
  38  3:45  Marine  
  36  3:49  Bunker  
  35  4:03  Marine x2  
  35  4:04  Marine x2  
  33  4:21  Marine x4  
  33  4:39  Marine x4  
  37  4:57  Marine x4  
  36  5:14  Marine  
  36  5:15  Marine x3  
  34  5:32  Marine x2  
  34  5:33  Marine x2  
Tags
 
League
GoldGold
Matchup
PvT
Spawn Locations
Cross Positions
Add a new tag
Caveats
  • Supply blocks, unpowered buildings, or Contaminate may cause inaccurate times.
  • Supply counts are checked every 10 seconds.